Map: Waterfall

Players

BeNeFiT

  • Race: Protoss Protoss
  • Spawn Location: 7:00

Harstem - Winner!

  • Race: Protoss Protoss
  • Spawn Location: 1:00

Event: DreamHack SC2 Masters 2022 Atlanta (Offline)

VOD

Have the link to the VOD?

Description

Time

  • Played on: Nov. 18, 2022, 10:21 a.m.
  • Length: 9:49

All games in this series

Show
View Real Time Build Order
Export as new Build Order

BeNeFiT Protoss 

Build Orders: Oracle Opening, Blink Stalkers 

Get SALT Encoding   

  12  0:00  Probe  
  13  0:12  Probe  
  14  0:18  Pylon  
  14  0:24  Probe  
  15  0:37  Probe (Chrono Boost)  
  15  0:39  Gateway  
  16  0:46  Probe (Chrono Boost)  
  16  0:47  Assimilator  
  17  0:51  Probe (Chrono Boost)  
  18  1:03  Probe  
  19  1:14  Assimilator  
  19  1:15  Probe, Pylon  
  20  1:26  Cybernetics Core  
  20  1:27  Probe (Chrono Boost)  
  20  1:30  Zealot  
  23  1:39  Probe (Chrono Boost)  
  24  1:44  Probe (Chrono Boost)  
  25  1:53  Probe  
  26  2:05  Probe  
  26  2:06  Stargate  
  27  2:08  Stalker  
  29  2:19  Probe  
  30  2:23  Warp Gate  
  30  2:24  Pylon  
  30  2:45  Nexus  
  30  2:50  Oracle (Chrono Boost)  
  31  2:56  Probe  
  34  3:08  Probe  
  35  3:15  Twilight Council  
  35  3:20  Probe  
  35  3:25  Stalker  
  36  3:33  Probe  
  35  3:36  Gateway  
  35  3:44  Blink (Chrono Boost)  
  35  3:45  Probe  
  35  3:46  Gateway  
  36  3:57  Probe x2  
  38  4:09  Probe  
  36  4:10  Probe  
  36  4:11  Stalker  
  39  4:17  Shield Battery  
  39  4:21  Probe  
  40  4:25  Probe  
  40  4:29  Stalker  
  43  4:33  Probe  
  43  4:34  Stalker  
  43  4:37  Probe  
  47  4:45  Probe, Stalker  
  50  4:48  Forge  
  50  4:49  Probe  
  50  4:51  Assimilator  
  50  4:52  Pylon  
  51  4:57  Probe  
  52  5:01  Probe  
  53  5:09  Probe  
  53  5:10  Nexus  
  53  5:13  Pylon  
  54  5:15  Probe  
  54  5:17  Stalker  
  57  5:21  Probe  
  57  5:27  Probe  
  55  5:28  Stalker  
  55  5:29  Stalker  
  55  5:34  Probe  
  52  5:39  Gateway  
  52  5:41  Probe  
  53  5:45  Stalker  
  53  5:47  Protoss Ground Weapons Level 1 (Chrono Boost)  
  51  5:52  Stalker  
  51  5:55  Stalker  
  54  6:00  Charge  
  54  6:03  Robotics Facility  
  54  6:08  Pylon  
  54  6:10  Pylon  
  54  6:11  Stalker  
  54  6:17  Stalker x2  
  60  6:22  Probe  
  60  6:23  Probe  
  62  6:30  Pylon  
  62  6:34  Probe  
  62  6:36  Gateway  
  62  6:37  Gateway  
  63  6:42  Nexus  
  63  6:43  Probe  
  63  6:46  Pylon  
  64  6:47  Stalker  
  64  6:53  Stalker  
  68  6:56  Observer (Chrono Boost)  
  67  7:03  Probe  
  67  7:04  Pylon  
  66  7:09  Observer (Chrono Boost), Probe  
  60  7:15  Probe  
  60  7:21  Probe  
  60  7:27  Probe  
  61  7:33  Probe  
  61  7:37  Photon Cannon, Stalker x2  
  62  7:39  Probe  
  64  7:45  Probe, Stalker  
  57  7:52  Probe  
  57  7:53  Stalker x2  
  57  7:55  Observer  
  57  7:57  Probe  
  57  7:58  Probe  
  65  8:03  Stalker x2  
  69  8:06  Probe  
  69  8:09  Zealot  
  69  8:12  Zealot  
  74  8:13  Probe  
  73  8:20  Probe  
  73  8:23  Zealot x2  
  73  8:25  Probe  
  76  8:30  Zealot x3  
  79  8:37  Stalker  
  76  8:44  Zealot x2  
  70  8:52  Zealot x3  
  70  9:01  Zealot  
  72  9:03  Gateway  
  72  9:04  Observer  
  73  9:13  Stalker x3  
  71  9:21  Stalker  
  71  9:24  Stalker  
  65  9:28  Stalker  
  55  9:41  Gateway  
  55  9:42  Stalker x2  
Show
View Real Time Build Order
Export as new Build Order

Harstem Protoss - Winner!

Build Orders: Phoenix Opening, Blink Stalkers 

Get SALT Encoding   

  12  0:00  Probe  
  13  0:12  Probe  
  14  0:17  Pylon  
  14  0:24  Probe (Chrono Boost)  
  15  0:36  Probe (Chrono Boost)  
  15  0:37  Gateway  
  16  0:45  Probe (Chrono Boost)  
  16  0:46  Assimilator  
  17  0:51  Probe  
  17  0:55  Assimilator  
  18  1:03  Probe (Chrono Boost)  
  19  1:09  Gateway  
  19  1:13  Probe (Chrono Boost)  
  20  1:18  Probe  
  20  1:25  Cybernetics Core  
  21  1:30  Probe  
  22  1:36  Pylon  
  22  1:42  Probe  
  23  1:54  Probe  
  23  1:55  Pylon  
  23  1:58  Warp Gate (Chrono Boost)  
  24  2:02  Sentry  
  28  2:21  Nexus, Probe  
  28  2:35  Probe  
  28  2:36  Pylon  
  27  2:38  Phoenix  
  27  2:42  Twilight Council  
  27  2:47  Probe  
  27  2:50  Stalker (Chrono Boost)  
  32  3:04  Stalker (Chrono Boost)  
  32  3:05  Probe  
  32  3:09  Pylon  
  33  3:17  Stalker (Chrono Boost)  
  35  3:22  Probe  
  35  3:32  Blink (Chrono Boost)  
  34  3:34  Probe  
  34  3:35  Probe  
  36  3:47  Probe  
  38  3:52  Stalker  
  38  3:54  Probe  
  40  3:59  Probe  
  41  4:06  Probe  
  42  4:10  Stalker  
  42  4:11  Probe  
  42  4:16  Stalker  
  47  4:18  Probe  
  47  4:21  Pylon  
  47  4:23  Probe  
  49  4:28  Robotics Facility  
  49  4:32  Probe  
  49  4:35  Probe  
  51  4:44  Probe  
  52  4:45  Stalker  
  52  4:48  Probe  
  52  4:50  Dark Shrine  
  55  4:53  Stalker  
  55  4:56  Probe  
  55  4:59  Pylon  
  59  5:11  Nexus  
  59  5:12  Probe  
  59  5:13  Probe  
  60  5:17  Observer (Chrono Boost)  
  60  5:18  Stalker  
  63  5:30  Stalker  
  63  5:31  Probe  
  63  5:32  Probe  
  67  5:43  Probe  
  67  5:44  Probe  
  69  5:50  Pylon  
  69  5:51  Assimilator  
  69  5:53  Gateway x2  
  69  5:55  Probe, Pylon  
  70  5:57  Pylon  
  70  6:02  Phoenix  
  70  6:08  Observer, Probe x2  
  70  6:09  Pylon  
  73  6:16  Stalker x2  
  77  6:19  Charge  
  77  6:20  Probe x2 (Chrono Boost)  
  77  6:22  Forge  
  80  6:29  Probe (Chrono Boost)  
  80  6:31  Probe (Chrono Boost)  
  80  6:32  Probe (Chrono Boost)  
  82  6:34  Dark Templar, Forge  
  82  6:36  Probe (Chrono Boost)  
  82  6:37  Probe (Chrono Boost)  
  86  6:40  Pylon  
  86  6:42  Shield Battery  
  86  6:45  Dark Templar  
  88  6:48  Probe x2  
  88  6:49  Stalker  
  92  6:58  Stalker  
  92  7:01  Probe x2  
  96  7:03  Photon Cannon  
  96  7:07  Assimilator  
  96  7:10  Protoss Ground Armor Level 1 (Chrono Boost)  
  96  7:11  Probe  
  96  7:13  Zealot x2  
  96  7:15  Photon Cannon  
  97  7:23  Zealot x2  
  97  7:26  Protoss Ground Weapons Level 1 (Chrono Boost)  
  101  7:37  Stalker x2  
  101  7:39  Nexus  
  105  7:54  Stalker x2  
  105  7:55  Probe x2  
  105  7:56  Probe  
  105  7:57  Pylon  
  110  8:03  Gateway  
  110  8:05  Gateway  
  110  8:07  Gateway  
  110  8:09  Gateway  
  110  8:10  Stalker x2  
  114  8:22  Zealot x2  
  114  8:29  Probe  
  114  8:30  Probe  
  114  8:32  Pylon  
  112  8:35  Gateway  
  112  8:36  Immortal (Chrono Boost)  
  112  8:37  Zealot x2  
  112  8:40  Gateway  
  118  8:41  Pylon  
  118  8:42  Photon Cannon  
  118  8:44  Shield Battery  
  118  8:46  Pylon  
  114  8:55  Zealot x2  
  114  8:59  Stalker x3  
  120  9:03  Probe (Chrono Boost)  
  120  9:09  Probe (Chrono Boost)  
  124  9:10  Probe (Chrono Boost)  
  124  9:11  Probe (Chrono Boost)  
  122  9:20  Stalker x5  
  126  9:28  Stalker x3  
  128  9:35  Zealot x2  
  132  9:48  Zealot x5  
Tags
 
Add a new tag
Caveats
  • Supply blocks, unpowered buildings, or Contaminate may cause inaccurate times.
  • Supply counts are checked every 10 seconds.